 Dungeon Crawl Stone Soup version 0.30-a0-266-g2b27a225a3 (webtiles) character file.

Game seed: 3264173956200997348

194 Angani the Vexing (level 5, -6/40 HPs)
             Began as a Draconian Hexslinger on Oct 14, 2022.
             Killed by an exploding jackal (46 damage)
             ... ignited by their inner flame
             ... on level 3 of the Dungeon.
             The game lasted 00:05:59 (2724 turns).

Angani the Vexing (Draconian Hexslinger)            Turns: 2724, Time: 00:06:00

Health: -6/40      AC:  8    Str: 12    XL:     5   Next: 44%
Magic:  6/9        EV: 12    Int: 15    God:
Gold:   139        SH:  0    Dex: 12    Spells: 2/9 levels left

rFire   . . .      SeeInvis .    a - +1 sling
rCold   . . .      Faith    .    (no shield)
rNeg    . . .      Spirit   .    (body armour unavailable)
rPois   .          Reflect  .    (helmet restricted)
rElec   .          Harm     .    (no cloak)
rCorr   .          Rampage  .    (no gloves)
Will    .....                    d - +2 pair of boots
Stlth   +.........               (no amulet)
HPRegen 0.26/turn                m - ring of flight
MPRegen 0.11/turn                (no ring)

@: flying
A: AC +5, unfitting armour, cold-blooded
a: no special abilities


You were on level 3 of the Dungeon.
You visited 1 branch of the dungeon, and saw 3 of its levels.

You collected 139 gold pieces.

Inventory:

Hand Weapons
 a - a +1 sling (weapon)
Armour
 d - a +2 pair of boots (worn)
Magical Staves
 h - a staff of cold
Jewellery
 m - a ring of flight (left hand)
Wands
 o - a wand of iceblast (5)
Scrolls
 b - a scroll of poison
 e - 2 scrolls of vulnerability
 f - a scroll of magic mapping {unknown}
 g - 2 scrolls of enchant weapon {unknown}
 i - a scroll of enchant armour {unknown}
 k - 4 scrolls of teleportation
 l - a scroll of blinking {unknown}
 p - a scroll of identify {unknown}
Potions
 c - a potion of curing
 j - a potion of ambrosia {unknown}
 n - a potion of flight {unknown}


   Skills:
 - Level 1.1 Fighting
 + Level 3.1 Ranged Weapons
 - Level 1.7 Dodging
 + Level 2.6 Spellcasting
 + Level 3.8 Hexes
 + Level 1.5 Fire Magic


You had 2 spell levels left.
You knew the following spells:

 Your Spells              Type           Power      Damage    Failure   Level
a - Slow                  Hex            52%        N/A       4%          1
b - Inner Flame           Hex/Fire       10%        N/A       21%         3
c - Portal Projectile     Hex/Tloc       14%        N/A       28%         3

Your spell library contained the following spells:

 Spells                   Type           Power      Damage    Failure   Level
 Cause Fear               Hex            6%         N/A       41%         4


Dungeon Overview and Level Annotations

Branches:
Dungeon (3/15)

Altars:


Innate Abilities, Weirdness & Mutations

Your plain brown scales are hard. (AC +5)
You cannot fit into any form of body armour.
You are cold-blooded and may be slowed by cold attacks.


Message History

You shoot a sling bullet. The sling bullet hits the jackal.
The jackal is heavily wounded.
The jackal bites you but does no damage.
The jackal closely misses you. x2
You shoot a sling bullet.
The sling bullet closely misses the jackal.
The jackal bites you but does no damage. x2
The jackal misses you. The jackal closely misses you.
The jackal attacks as you move away!
The jackal bites you but does no damage.
The jackal attacks as you move away! The jackal misses you.
The jackal closely misses you.
The jackal bites you but does no damage.
The jackal attacks as you move away! The jackal barely misses you.
The jackal attacks as you move away! The jackal misses you.
The jackal closely misses you. The jackal attacks as you move away!
The jackal bites you but does no damage.
Casting: Slow (safe; 4% risk of failure)
Confirm with . or Enter, or press ? or * to list all spells.
The spell is quite dangerous to miscast (21% risk of failure)!
Continue anyway?
Aiming: Inner Flame (quite dangerous; 21% risk of failure)
Press: ? - help, Dir - move target, f/p - jackal
Aim: a jackal (moderately wounded, chance to affect: 76%)
The jackal is filled with an inner flame.
The jackal bites you but does no damage.
Unknown command.
Fire: a) +1 sling
Press: ? - help, Q - select action, (/) - cycle Shift-Dir - straight line, f/p - jackal
Aim: a jackal (moderately wounded, inner flame, 47% to hit)
You shoot a sling bullet. The sling bullet hits the jackal.
Flame seeps out of the jackal.
The jackal is heavily wounded.
The jackal is engulfed in blazing flames.
The jackal explodes!
The fiery explosion engulfs the jackal!!
You kill the jackal!
The fiery explosion engulfs you!!!
Ouch! That really hurt!
You die...

# .. ### ##.##### #..
.......#### #.# ..........#
######.# #....##### #......)
#.......h######### #.####.#
#....#..h§○@.....# #.# #..
#........#######.# #.# ####
###..##### #.# #.# #... #..#
#####.####.# #.## #.#####..#
#.......##.# #.## #........##
#.......##.###.## #####.....##
#.......##....... ##.......##
#(......######.#.
#.........####.......######...


You could see 2 jackals.

Vanquished Creatures
  2 orc wizards
  3 gnolls (D:2)
  An adder (D:2)
  A worm (D:2)
  12 dart slugs
  6 orcs
  7 endoplasms
  A giant cockroach (D:1)
  6 goblins
  9 hobgoblins
  8 jackals
  2 quokkas (D:1)
  3 ball pythons
  6 bats
  3 frilled lizards
  2 kobolds
  5 rats
77 creatures vanquished.

Vanquished Creatures (others)
  A fungus (D:1)
1 creature vanquished.

Grand Total: 78 creatures vanquished

Notes
Turn   | Place    | Note
-------+----------+-------------------------------------------
     0 | D:1      | Angani the Draconian Hexslinger began the quest for the
                  | Orb.
     0 | D:1      | Reached XP level 1. HP: 16/16 MP: 2/2
   347 | D:1      | Reached XP level 2. HP: 23/23 MP: 4/4
   505 | D:1      | Found a faded altar of an unknown god.
   869 | D:2      | Reached XP level 3. HP: 26/28 MP: 1/5
   943 | D:2      | Learned a level 3 spell: Inner Flame
  1006 | D:2      | Reached XP level 4. HP: 35/35 MP: 7/7
  1010 | D:2      | Learned a level 3 spell: Portal Projectile
  1822 | D:2      | Reached skill level 1 in Fire Magic
  1912 | D:3      | Reached XP level 5. HP: 28/40 MP: 8/8
  2724 | D:3      | Killed by an exploding jackal... ignited by their inner
                  | flame

Illustrated notes

Levels and vault maps discovered:
D:1:      dpeg_arrival_water_fire, layout_loops_ring,
          shapermc_ecumenical_altar_venn, minmay_domino_2
D:2:      layout_loops_corners
D:3:      kennysheep_slugbush, layout_loops_corners

Skill      XL: |  1  2  3  4 |
---------------+-------------+-----
Ranged Weapons | 2 3 |  3.1
Hexes          | 3 |  3.8
Spellcasting   | 2 |  2.6
Fire Magic     | 1 |  1.5
Fighting       | |  1.1
Dodging        | |  1.7

Action                   |  1- 3 |  4- 6 || total
-------------------------+-------+-------++-------
Melee: Sling             |     2 |     2 ||     4
 Fire: Sling             |   122 |   180 ||   302
 Cast: Slow              |     6 |     5 ||    11
       Inner Flame       |       |     1 ||     1
  Use: Potion            |     2 |     1 ||     3
       Scroll            |       |     2 ||     2
Armor: Skin              |    37 |    51 ||    88
Dodge: Dodged            |    34 |    69 ||   103

Table legend: (Time is in decaauts)
 A = Elapsed time spent in this place.
 B = Non-inter-level travel time spent in this place.
 C = Inter-level travel time spent in this place.
 D = Time resting spent in this place.
 E = Time spent auto-exploring this place.
 F = Levels seen in this place.
 G = Mean time per level.
                   A        B        C        D        E       F      G
               +--------+--------+--------+--------+--------+-----+--------+
         Total |   2805 |   2739 |     66 |    187 |   1996 |   3 |  935.0 |
       Dungeon |   2805 |   2739 |     66 |    187 |   1996 |   3 |  935.0 |
               +--------+--------+--------+--------+--------+-----+--------+

Top non-repeatable levels by time:
     D:2: 1084 daAuts
     D:3: 874 daAuts
     D:1: 846 daAuts
